Map: Dusk Towers

Players

Justyn

  • Race: Protoss Protoss
  • League: Bronze

ChewBox - Winner!

  • Race: Terran Terran
  • League: Bronze

VOD

https://youtu.be/2C0UnyZ-js0

Description

Val Kitty from ChewBox.com takes on an amazing Protos player in 1 vs 1 in Legacy of the Void (StarCraft 2, LOTV) online match.

Time

  • Played on: Feb. 7, 2016, 7:39 p.m.
  • Length: 20:41
Show
View Real Time Build Order
Export as new Build Order

Justyn Protoss 

Build Orders:  

Get SALT Encoding   

  12  0:02  Probe (Chrono Boost)  
  13  0:13  Probe (Chrono Boost)  
  14  0:23  Pylon, Probe (Chrono Boost)  
  15  0:42  Probe (Chrono Boost)  
  16  0:46  Pylon  
  16  0:51  Assimilator  
  16  0:52  Probe (Chrono Boost)  
  17  1:03  Probe (Chrono Boost)  
  18  1:07  Pylon  
  18  1:13  Probe (Chrono Boost)  
  19  1:24  Probe (Chrono Boost)  
  20  1:28  Forge  
  20  1:34  Probe (Chrono Boost)  
  21  1:45  Gateway, Probe (Chrono Boost)  
  22  1:55  Probe (Chrono Boost)  
  22  1:56  Assimilator  
  22  2:00  Pylon  
  23  2:06  Probe (Chrono Boost)  
  24  2:24  Photon Cannon  
  24  2:28  Photon Cannon  
  24  2:39  Photon Cannon  
  24  2:47  Cybernetics Core  
  24  3:01  Zealot  
  24  3:04  Nexus  
  26  3:16  Protoss Shields Level 1  
  26  3:28  Zealot (Chrono Boost)  
  26  3:30  Stargate  
  28  3:40  Stargate  
  28  3:47  Assimilator  
  28  3:54  Zealot (Chrono Boost)  
  30  3:59  Assimilator  
  30  4:12  Pylon  
  30  4:17  Void Ray  
  30  4:18  Zealot (Chrono Boost)  
  30  4:20  Probe  
  37  4:31  Probe  
  38  4:41  Probe  
  38  4:42  Zealot (Chrono Boost)  
  41  4:52  Twilight Council, Probe  
  41  4:59  Probe  
  43  5:02  Probe  
  44  5:11  Void Ray (Chrono Boost)  
  44  5:13  Probe  
  49  5:23  Probe  
  50  5:34  Probe  
  54  5:36  Void Ray (Chrono Boost)  
  55  5:45  Zealot  
  55  5:46  Probe  
  58  5:53  Void Ray (Chrono Boost)  
  62  5:57  Protoss Air Armor Level 1  
  62  5:58  Probe  
  63  6:07  Pylon  
  63  6:11  Pylon, Probe  
  64  6:23  Probe  
  64  6:25  Pylon  
  65  6:31  Void Ray (Chrono Boost)  
  69  6:35  Probe  
  69  6:36  Protoss Ground Armor Level 1  
  70  6:43  Probe  
  71  6:47  Probe  
  71  6:53  Void Ray (Chrono Boost)  
  75  6:55  Probe  
  75  6:59  Probe  
  75  7:11  Probe  
  76  7:18  Void Ray (Chrono Boost)  
  76  7:20  Nexus  
  80  7:31  Fleet Beacon  
  80  7:40  Assimilator  
  80  7:49  Pylon  
  80  7:55  Void Ray (Chrono Boost), Assimilator  
  80  7:57  Zealot  
  86  8:06  Pylon  
  86  8:09  Photon Cannon  
  86  8:14  Photon Cannon  
  86  8:24  Probe  
  86  8:25  Zealot  
  89  8:37  Probe  
  90  8:49  Void Ray x2 (Chrono Boost)  
  98  8:57  Protoss Shields Level 2  
  98  9:00  Protoss Air Weapons Level 1  
  98  9:09  Stargate  
  98  9:10  Zealot  
  100  9:17  Probe  
  101  9:26  Tempest (Chrono Boost)  
  101  9:28  Probe  
  106  9:33  Void Ray (Chrono Boost)  
  110  9:38  Probe  
  110  9:49  Probe  
  111  10:00  Probe  
  111  10:03  Void Ray (Chrono Boost)  
  116  10:14  Void Ray (Chrono Boost)  
  124  10:18  Probe  
  124  10:19  Void Ray (Chrono Boost)  
  125  10:26  Pylon  
  125  10:31  Pylon  
  125  10:33  Pylon  
  125  10:44  Probe  
  125  10:45  Void Ray (Chrono Boost)  
  125  10:47  Zealot  
  132  10:53  Charge  
  132  10:54  Protoss Air Armor Level 2  
  132  10:56  Probe  
  133  10:58  Probe  
  134  11:09  Probe  
  135  11:13  Protoss Ground Weapons Level 1  
  135  11:14  Zealot  
  137  11:19  Probe  
  138  11:26  Nexus  
  138  11:30  Probe  
  143  11:33  Tempest (Chrono Boost)  
  143  11:35  Void Ray (Chrono Boost)  
  147  11:41  Zealot  
  149  11:55  Pylon  
  149  11:59  Pylon  
  149  12:02  Pylon  
  149  12:12  Probe  
  150  12:22  Probe  
  150  12:27  Void Ray x2 (Chrono Boost)  
  163  12:33  Void Ray (Chrono Boost), Probe  
  164  12:39  Zealot  
  166  13:04  Void Ray x2 (Chrono Boost)  
  166  13:05  Probe  
  174  13:06  Zealot  
  174  13:08  Protoss Shields Level 3  
  174  13:09  Protoss Air Weapons Level 2  
  177  13:15  Probe  
  178  13:26  Probe  
  178  13:33  Zealot  
  181  13:36  Probe  
  181  13:39  Tempest (Chrono Boost)  
  170  13:42  Tempest (Chrono Boost)  
  138  13:52  Assimilator  
  118  13:56  Assimilator  
  118  14:01  Zealot, Phoenix (Chrono Boost)  
  120  14:19  Phoenix x2 (Chrono Boost)  
  120  14:22  Phoenix (Chrono Boost)  
  120  14:27  Gateway  
  120  14:28  Zealot  
  120  14:30  Gateway  
  122  14:40  Phoenix (Chrono Boost)  
  122  14:44  Phoenix (Chrono Boost)  
  130  14:46  Void Ray (Chrono Boost)  
  130  14:55  Zealot  
  132  15:02  Void Ray (Chrono Boost)  
  140  15:11  Void Ray (Chrono Boost)  
  129  15:22  Zealot  
  129  15:23  Void Ray (Chrono Boost)  
  118  15:39  Tempest (Chrono Boost)  
  120  15:44  Protoss Ground Weapons Level 2  
  120  15:49  Zealot  
  126  15:54  Tempest (Chrono Boost)  
  126  15:57  Nexus  
  128  16:05  Tempest (Chrono Boost)  
  125  16:43  Pylon  
  125  16:45  Pylon  
  118  17:01  Stalker x3  
  82  17:18  Pylon  
  82  17:20  Pylon  
  48  17:31  Stalker x3  
  48  17:35  Gateway  
  46  18:01  Stalker x3  
  46  18:31  Stalker x3  
  46  19:01  Stalker, Zealot  
Show
View Real Time Build Order
Export as new Build Order

ChewBox Terran - Winner!

Build Orders: Command Center First (CC) 

Get SALT Encoding   

  12  0:03  SCV  
  13  0:15  SCV  
  14  0:27  SCV  
  15  0:32  Supply Depot  
  15  1:03  Command Center  
  15  1:06  Barracks  
  15  1:12  SCV  
  16  1:20  Supply Depot  
  16  1:28  SCV  
  17  1:36  Refinery  
  17  1:40  SCV  
  17  1:43  Supply Depot  
  18  1:52  SCV  
  19  1:54  Marine  
  19  2:00  Bunker  
  20  2:10  SCV  
  20  2:12  Marine  
  22  2:16  SCV  
  24  2:22  SCV  
  24  2:29  Refinery  
  24  2:35  Engineering Bay, Orbital Command  
  24  2:46  Marine  
  24  2:50  SCV  
  26  3:03  Missile Turret, SCV  
  26  3:04  Marine  
  28  3:13  Missile Turret  
  28  3:17  Refinery  
  27  3:22  Orbital Command  
  27  3:37  SCV  
  27  3:39  Factory  
  28  3:46  Missile Turret  
  28  3:50  Hi-Sec Auto Tracking  
  28  3:54  SCV  
  29  4:01  Sensor Tower  
  29  4:06  SCV  
  30  4:24  Starport  
  30  4:31  Missile Turret, Starport  
  30  4:32  SCV x2  
  30  4:34  Refinery, Marine  
  33  4:46  Bunker  
  33  4:48  Factory Reactor  
  33  4:52  Marine  
  33  4:57  Missile Turret  
  34  5:02  Starport Tech Lab  
  34  5:09  Armory, Starport Reactor  
  34  5:10  Marine  
  35  5:16  Starport  
  35  5:19  Missile Turret  
  35  5:26  Missile Turret  
  35  5:27  SCV x2  
  35  5:28  Marine  
  38  5:39  SCV x2  
  40  5:43  Building Armor  
  40  5:47  Missile Turret  
  40  5:50  Missile Turret  
  40  5:53  Barracks Reactor  
  40  5:55  SCV x2  
  42  6:06  Widow Mine x2  
  42  6:07  SCV x2  
  48  6:12  Starport Reactor  
  48  6:17  Missile Turret  
  48  6:23  Missile Turret  
  48  6:31  SCV x2  
  48  6:32  Missile Turret  
  50  6:33  Marine  
  50  6:34  Marine  
  52  6:41  Viking  
  54  6:48  Missile Turret  
  54  6:49  Terran Ship Weapons Level 1  
  54  6:50  Missile Turret  
  54  6:59  Supply Depot, Viking  
  52  7:09  Missile Turret  
  52  7:13  Widow Mine  
  54  7:20  Marine x2, Widow Mine  
  58  7:23  Missile Turret  
  58  7:29  Supply Depot  
  58  7:38  Missile Turret  
  58  7:52  Supply Depot  
  58  7:59  Viking x3  
  58  8:00  Viking  
  58  8:02  Cloaking Field  
  66  8:12  Banshee  
  66  8:17  Supply Depot  
  69  8:20  Supply Depot  
  69  8:22  Missile Turret  
  69  8:32  Command Center, Marine x2  
  71  8:38  Widow Mine  
  71  8:39  Supply Depot  
  71  8:40  Widow Mine  
  75  8:42  Supply Depot  
  75  8:50  Marine x2  
  75  8:51  Missile Turret  
  75  8:53  Viking x2  
  75  8:55  Banshee, Viking  
  83  9:02  Supply Depot  
  86  9:08  Marine x2  
  88  9:20  Missile Turret  
  88  9:26  Marine  
  88  9:29  Viking x3  
  88  9:30  Medivac  
  97  9:38  Banshee  
  100  9:40  Missile Turret  
  100  9:44  Starport  
  100  9:48  Orbital Command  
  100  9:51  Refinery  
  100  9:52  Refinery  
  100  10:01  Missile Turret  
  100  10:02  Terran Vehicle And Ship Armor Level 1  
  100  10:22  Missile Turret  
  100  10:31  Starport Tech Lab  
  100  10:44  Missile Turret  
  100  10:50  Missile Turret  
  100  11:00  Missile Turret  
  100  11:01  Widow Mine  
  100  11:02  Widow Mine  
  104  11:09  Missile Turret  
  104  11:20  Banshee x2  
  110  11:27  Missile Turret  
  110  11:30  Widow Mine x2  
  114  11:48  Missile Turret  
  114  11:53  Viking x4  
  122  11:56  Terran Ship Weapons Level 2  
  122  11:58  Widow Mine  
  122  11:59  Widow Mine  
  126  12:02  Supply Depot  
  126  12:03  Banshee x2  
  132  12:09  Missile Turret  
  132  12:24  Supply Depot  
  132  12:34  Sensor Tower  
  132  12:39  Viking x4  
  139  12:46  Banshee, Viking  
  139  12:47  Supply Depot  
  139  12:51  Widow Mine x2  
  144  12:54  Missile Turret  
  145  13:14  Missile Turret  
  145  13:15  Viking  
  145  13:16  Viking x4  
  145  13:19  Widow Mine  
  157  13:35  Viking  
  157  13:36  Widow Mine  
  157  13:37  Supply Depot  
  157  13:38  Supply Depot  
  127  13:51  Viking x2  
  131  14:16  Viking x2  
  132  14:57  Command Center  
  118  15:35  Viking x5  
  114  15:36  Viking  
  116  16:05  Viking x5  
  116  16:06  Viking  
  125  16:28  Orbital Command  
  125  16:35  Viking x3  
  128  17:18  Viking x4  
  128  17:19  Viking x2  
  133  17:37  Refinery x2  
  131  17:48  Viking x3  
  131  17:52  Terran Ship Weapons Level 3  
  131  18:50  Supply Depot  
  131  19:07  Raven  
  131  19:08  Banshee  
  131  19:09  Viking  
  131  19:10  Viking x3  
  131  19:12  Supply Depot  
  131  19:35  Supply Depot  
  131  19:39  Viking  
  131  19:40  Viking  
  131  19:50  Banshee  
  131  19:51  Banshee  
  131  19:57  Supply Depot  
  131  20:20  Supply Depot  
Tags
 
Add a new tag
Caveats
  • Supply blocks, unpowered buildings, or Contaminate may cause inaccurate times.
  • Supply counts are checked every 10 seconds.